 Dungeon Crawl Stone Soup version 0.20-a0-983-g35de22d (webtiles) character file.

153 AlphabetPasta the Cutter (level 5, -2/33 HPs)
             Began as a Kobold Chaos Knight on Apr 9, 2017.
             Killed from afar by an orc wizard (6 damage)
             ... with a magic dart
             ... on level 3 of the Dungeon.
             The game lasted 00:06:31 (1539 turns).

AlphabetPasta the Cutter (Kobold Chaos Knight)      Turns: 1539, Time: 00:06:31

Health: -2/33      AC: 10    Str:  9    XL:     5   Next: 61%
Magic:  5/5        EV: 11    Int: 14    God:    Xom [.*....]
Gold:   38         SH:  0    Dex: 15    Spells: 1/4 levels left

rFire    . . .     SeeInvis .   a - +0 short sword (chaos)
rCold    . . .     Gourm    .   (shield restricted)
rNeg     . . .     Faith    .   g - +4 scale mail
rPois    .         Spirit   .   (no helmet)
rElec    .         Reflect  .   (no cloak)
rCorr    .         Harm     .   (no gloves)
MR       .....                  (no boots)
Stlth    +.........             (no amulet)
Regen    0.2/turn               (no ring)
MPRegen  0.1/turn               (no ring)

@: lethally poisoned (-2 -> -5)
A: carnivore 3
a: Renounce Religion


You were on level 3 of the Dungeon.
You worshipped Xom.
You were a plaything of Xom.
You were very full.

You visited 1 branch of the dungeon, and saw 3 of its levels.

You collected 38 gold pieces.

Inventory:

Hand Weapons
 a - a +0 short sword of chaos (weapon)
Armour
 b - a +2 leather armour
 g - a +4 scale mail (worn)
Jewellery
 e - an uncursed ring of ice
Wands
 d - a wand of confusion (25/48)
Scrolls
 f - a scroll of blinking {unknown}
 j - a scroll of teleportation
Books
 i - a book of Misfortune

   Spells                             Type                      Level
   a - Confusing Touch                Hexes                        1
   b - Confuse                        Hexes                        3
   c - Gell's Gravitas                Translocation                3
   d - Petrify                        Transmutation/Earth          4
   e - Metabolic Englaciation         Hexes/Ice                    5
   f - Yara's Violent Unravelling     Hexes/Transmutation          5
Comestibles
 c - 3 meat rations


   Skills:
 + Level 3.9 Fighting
 * Level 5.9 Short Blades
 + Level 1.5 Armour
 + Level 3.5 Dodging
 + Level 1.7 Stealth


You had one spell level left.
You knew the following spells:

 Your Spells              Type           Power        Failure   Level  Hunger
a - Confuse               Hex            #.......     100%        3    ####...


Dungeon Overview and Level Annotations

Branches:
Dungeon (3/15)

Altars:
Dithmenos


Innate Abilities, Weirdness & Mutations

You are small and have problems with some larger weapons.
You are carnivorous and can eat meat at any time.


Message History

You closely miss something.
You hear some strange, mumbled words.
A magic dart appears from out of thin air!
The magic dart hits you!
* * * LOW HITPOINT WARNING * * *
You bump into the rock wall.
You feel less confused.
The goblin changes into a gnoll!
Something hits you but does no damage.
You closely miss something.
You feel sick.
You hit something.
Xom is highly amused!
Nothing appears to happen.
Something hits you but does no damage.
You hit something but do no damage. Something hits you.
* * * LOW HITPOINT WARNING * * *
* * * LOW HITPOINT WARNING * * *
You feel sick.
You hear some strange, mumbled words.
A magic dart appears from out of thin air!
The magic dart hits you!
You die...

#.# #.#### #
###+####.#.. .
.........#"##.#
.........#..#.#
..............#
..........#(###+#+
##'##go){...(....
#..(%#.@........
########).......
#............
#.###.#####..
#.#......# .
#.<...##.#
#.....##.#
#.).......#
#....###..#


You could see a gnoll shaped shifter and an orc (petrified).

Vanquished Creatures
  The ghost of HankScorpio the Ducker, an amateur MfIE (D:3)
  An adder (D:2)
  4 worms (D:2)
  2 dart slugs (D:1)
  3 leopard geckos (D:2)
  2 orcs (D:3)
  5 bats
  A giant cockroach (D:1)
  2 hobgoblins (D:1)
  6 jackals
  7 kobolds
  A ball python (D:2)
  2 frilled lizards
  7 goblins
44 creatures vanquished.

Notes
Turn   | Place    | Note
-------+----------+-------------------------------------------
     0 | D:1      | AlphabetPasta the Kobold Chaos Knight began the quest for the Orb.
     0 | D:1      | Reached XP level 1. HP: 14/14 MP: 1/1
   139 | D:1      | Reached XP level 2. HP: 18/19 MP: 2/2
   168 | D:1      | XOM: harmless Conj miscast
   226 | D:1      | Reached skill level 1 in Armour
   392 | D:1      | Reached XP level 3. HP: 21/23 MP: 3/3
   444 | D:1      | XOM: summons 2 hostile shadow creatures
   857 | D:2      | XOM: harmless Fire miscast
   901 | D:2      | Reached skill level 5 in Short Blades
   901 | D:2      | Reached XP level 4. HP: 20/28 MP: 4/4
   932 | D:2      | Learned a level 3 spell: Confuse
  1090 | D:2      | XOM: medium Fire miscast
  1128 | D:2      | Found a shadowy altar of Dithmenos.
  1264 | D:2      | Found a faded altar of an unknown god.
  1305 | D:3      | Noticed HankScorpio's ghost (amateur MfIE)
  1312 | D:3      | XOM: mild Conj miscast
  1323 | D:3      | Killed HankScorpio's ghost
  1323 | D:3      | Reached skill level 1 in Stealth
  1323 | D:3      | Reached XP level 5. HP: 15/33 MP: 5/5
  1332 | D:3      | XOM: mild Erth miscast
  1333 | D:3      | XOM: enchant monster (bad)
  1521 | D:3      | XOM: polymorph kobold -> ball python
  1539 | D:3      | Killed from afar by an orc wizard

Vault maps used:
D:1:      dpeg_arrival_arbitrary_b
D:2:      grunt_dithmenos_smoke_and_mirrors, chequers_ecumenical_altar_lobes
D:3:      minmay_wonky_spiral, overflow_temple_1_default, fedhas_altar_4,
          minmay_overflow_temple_star_hex, first_bread,
          nemelex_dance_club_becter

Skill      XL: |  1  2  3  4 |
---------------+-------------+-----
Armour         | 1 |  1.5
Dodging        | 3 |  3.5
Short Blades   | 5 |  5.9
Stealth        | 1 |  1.7
Fighting       | |  3.9

Action                   |  1- 3 |  4- 6 || total
-------------------------+-------+-------++-------
Melee: Short sword       |   107 |    98 ||   205
  Use: Scroll            |     2 |     1 ||     3
       Potion            |       |     2 ||     2
 Stab: Paralysed         |       |     2 ||     2
       Confused          |       |     1 ||     1
  Eat: Chunk             |     8 |     2 ||    10
Armor: Leather armour    |    15 |       ||    15
       Scale mail        |    12 |    33 ||    45
Dodge: Dodged            |    68 |    57 ||   125
